TOP OF THE 1ST |
Moose Jaw Ghostbusters batting - Pitching for Balzac Rams : LHP José Gallegos
|
Pitching: LHP José Gallegos
|
|
Batting: SHB Carlos Córdova
|
0-0: Ball 1-0: Called Strike 1-1: Ball 2-1: Ball 3-1: Base on Balls
|
Batting: LHB Dave Stewart
|
0-0: Called Strike Carlos Córdova steals 2nd base 0-1: Ball 1-1: Swinging Strike 1-2: Fly out, F8 (Flyball, 8LM)
|
Batting: RHB John Major
|
0-0: Called Strike Carlos Córdova steals 3rd base 0-1: Fly out, F7 (Flyball, 78S)
|
Batting: RHB Billy Mullins
|
0-0: Ball 1-0: Ball 2-0: SINGLE (Groundball, 6D) Carlos Córdova scores
|
Batting: LHB Will Vale
|
0-0: Ball Billy Mullins is caught stealing 2nd base
|
Top of the 1st over - 1 run(s), 1 hit(s), 0 error(s), 0 left on base; Moose Jaw 1 - Balzac 0 |
BOTTOM OF THE 1ST |
Balzac Rams batting - Pitching for Moose Jaw Ghostbusters : RHP Ken Rogers
|
Pitching: RHP Ken Rogers
|
|
Batting: RHB Gerald Arnold
|
0-0: Foul Ball, location: 2F 0-1: Foul Ball, location: 2F 0-2: Ground out 6-3 (Groundball, 6M)
|
Batting: RHB Tommy Wilson
|
0-0: Ball 1-0: SINGLE (Line Drive, 4MD)
|
Batting: RHB Brian Parks
|
0-0: Ball 1-0: Called Strike 1-1: Fly out, F8 (Flyball, 8LM)
|
Batting: LHB Carlos Romero
|
0-0: Fly out, F4 (Popup, 4S)
|
Bottom of the 1st over - 0 run(s), 1 hit(s), 0 error(s), 1 left on base; Moose Jaw 1 - Balzac 0 |
TOP OF THE 2ND |
Moose Jaw Ghostbusters batting - Pitching for Balzac Rams : LHP José Gallegos
|
Batting: LHB Will Vale
|
0-0: Ground out 5-3 (Groundball, 56)
|
Batting: RHB Juan Vázquez
|
0-0: Foul Ball, location: 2F 0-1: Swinging Strike 0-2: Fly out, F7 (Flyball, 7S)
|
Batting: SHB Martín Cruz
|
0-0: Ball 1-0: Ball 2-0: Foul Ball, location: 2F 2-1: Foul Ball, location: 2F 2-2: Ball 3-2: Base on Balls
|
Batting: RHB Don Turner
|
0-0: Called Strike 0-1: Ball 1-1: Swinging Strike 1-2: Ball Wild Pitch! Martín Cruz to second 2-2: Foul Ball, location: 2F 2-2: Strikes out swinging, 2-3 out at first.
|
Top of the 2nd over - 0 run(s), 0 hit(s), 0 error(s), 1 left on base; Moose Jaw 1 - Balzac 0 |
BOTTOM OF THE 2ND |
Balzac Rams batting - Pitching for Moose Jaw Ghostbusters : RHP Ken Rogers
|
Batting: RHB Ricardo Muñóz
|
0-0: Ball 1-0: Ball 2-0: Ball 3-0: Foul Ball, location: 2F 3-1: Fly out, F6 (Popup, 4MS)
|
Batting: LHB Troy Jackson
|
0-0: SOLO HOME RUN (Flyball, 89XD), Distance : 437 ft
|
Batting: RHB Jason Ward
|
0-0: Ball 1-0: Ground out 5-3 (Groundball, 56)
|
Batting: RHB Santiago Rivera
|
0-0: Ground out 6-3 (Groundball, 6)
|
Bottom of the 2nd over - 1 run(s), 1 hit(s), 0 error(s), 0 left on base; Moose Jaw 1 - Balzac 1 |
TOP OF THE 3RD |
Moose Jaw Ghostbusters batting - Pitching for Balzac Rams : LHP José Gallegos
|
Batting: RHB Andrew Weatherly
|
0-0: Called Strike 0-1: Ground out 5-3 (Groundball, 5S)
|
Batting: SHB Carlos Córdova
|
0-0: Foul Ball, location: 2F 0-1: Swinging Strike 0-2: Ball 1-2: Foul Ball, location: 2F 1-2: Fly out, F5 (Popup, 56)
|
Batting: LHB Dave Stewart
|
0-0: Ball 1-0: Ball 2-0: Foul Ball, location: 2F 2-1: Foul Ball, location: 2F 2-2: Strikes out swinging
|
Top of the 3rd over - 0 run(s), 0 hit(s), 0 error(s), 0 left on base; Moose Jaw 1 - Balzac 1 |
BOTTOM OF THE 3RD |
Balzac Rams batting - Pitching for Moose Jaw Ghostbusters : RHP Ken Rogers
|
Batting: RHB Mike Beach
|
0-0: Called Strike 0-1: Ball 1-1: Foul Ball, location: 2F 1-2: Reached on error, E1 (Groundball, 13)
|
Batting: RHB Gerald Arnold
|
0-0: Called Strike Mike Beach steals 2nd base 0-1: Ball 1-1: Ball 2-1: Ball 3-1: Called Strike 3-2: Foul Ball, location: 2F 3-2: Strikes out swinging
|
Batting: RHB Tommy Wilson
|
0-0: Fly out, F8 (Flyball, 8RM)
|
Batting: RHB Brian Parks
|
0-0: Ball 1-0: DOUBLE (Line Drive, 89D) Mike Beach scores
|
Batting: LHB Carlos Romero
|
0-0: Swinging Strike 0-1: Swinging Strike 0-2: Ball 1-2: Strikes out looking
|
Bottom of the 3rd over - 1 run(s), 1 hit(s), 1 error(s), 1 left on base; Moose Jaw 1 - Balzac 2 |
TOP OF THE 4TH |
Moose Jaw Ghostbusters batting - Pitching for Balzac Rams : LHP José Gallegos
|
Batting: RHB John Major
|
0-0: SOLO HOME RUN (Flyball, 7LD), Distance : 422 ft
|
Batting: RHB Billy Mullins
|
0-0: Ball 1-0: Called Strike 1-1: Ball 2-1: Foul Ball, location: 2F 2-2: Ball 3-2: Base on Balls
|
Batting: LHB Will Vale
|
0-0: Ball 1-0: Called Strike 1-1: Grounds into double play, 6-4-3 (Groundball, 6)
|
Batting: RHB Juan Vázquez
|
0-0: SINGLE (Flyball, 6MD)
|
Batting: SHB Martín Cruz
|
0-0: Ball 1-0: Called Strike 1-1: Ball 2-1: Fielders Choice at 2nd, U4 (Groundball, 4M)
|
Top of the 4th over - 1 run(s), 2 hit(s), 0 error(s), 1 left on base; Moose Jaw 2 - Balzac 2 |
BOTTOM OF THE 4TH |
Balzac Rams batting - Pitching for Moose Jaw Ghostbusters : RHP Ken Rogers
|
Batting: RHB Ricardo Muñóz
|
0-0: Ball 1-0: Called Strike 1-1: Ball 2-1: Swinging Strike 2-2: Foul Ball, location: 2F 2-2: Ball 3-2: Foul Ball, location: 2F 3-2: Strikes out looking
|
Batting: LHB Troy Jackson
|
0-0: Called Strike 0-1: Fly out, F6 (Popup, 6D)
|
Batting: RHB Jason Ward
|
0-0: Ball 1-0: Called Strike 1-1: Foul Ball, location: 2F 1-2: Ball 2-2: Foul Ball, location: 2F 2-2: Ball 3-2: Strikes out swinging
|
Bottom of the 4th over - 0 run(s), 0 hit(s), 0 error(s), 0 left on base; Moose Jaw 2 - Balzac 2 |
TOP OF THE 5TH |
Moose Jaw Ghostbusters batting - Pitching for Balzac Rams : LHP José Gallegos
|
Batting: RHB Don Turner
|
0-0: Called Strike 0-1: Fly out, F8 (Flyball, 8LM)
|
Batting: RHB Andrew Weatherly
|
0-0: SINGLE (Groundball, 34D)
|
Batting: SHB Carlos Córdova
|
0-0: Called Strike 0-1: Ball 1-1: Ball 2-1: Fly out, F8 (Line Drive, 8LD)
|
Batting: LHB Dave Stewart
|
0-0: Ball 1-0: Ball 2-0: Ball 3-0: Foul Ball, location: 2F 3-1: Base on Balls Andrew Weatherly to second
|
Batting: RHB John Major
|
0-0: Ball 1-0: Ball 2-0: Fly out, F9 (Flyball, 9LMF)
|
Top of the 5th over - 0 run(s), 1 hit(s), 0 error(s), 2 left on base; Moose Jaw 2 - Balzac 2 |
BOTTOM OF THE 5TH |
Balzac Rams batting - Pitching for Moose Jaw Ghostbusters : RHP Ken Rogers
|
Batting: RHB Santiago Rivera
|
0-0: Ball 1-0: Fly out, F7 (Flyball, 7S)
|
Batting: RHB Mike Beach
|
0-0: Ball 1-0: Ball 2-0: SINGLE (Groundball, 56D)
|
Batting: RHB Gerald Arnold
|
0-0: Called Strike 0-1: Ball 1-1: Foul Ball, location: 2F 1-2: Ball 2-2: Foul Ball, location: 2F 2-2: Fly out, F7 (Line Drive, 7)
|
Batting: RHB Tommy Wilson
|
0-0: Ball 1-0: Ball 2-0: Called Strike 2-1: Called Strike 2-2: Foul Ball, location: 2F 2-2: Foul Ball, location: 2F 2-2: SINGLE (Line Drive, 9S) Mike Beach to second Runner from 2nd tries for 3rd, SAFE, throw made to third
|
Batting: RHB Brian Parks
|
0-0: Ball 1-0: Ground out 1-3 (Groundball, 15S)
|
Bottom of the 5th over - 0 run(s), 2 hit(s), 0 error(s), 2 left on base; Moose Jaw 2 - Balzac 2 |
TOP OF THE 6TH |
Moose Jaw Ghostbusters batting - Pitching for Balzac Rams : LHP José Gallegos
|
Batting: RHB Billy Mullins
|
0-0: Ball 1-0: Ball 2-0: Ball 3-0: Called Strike 3-1: Foul Ball, location: 2F 3-2: SINGLE (Groundball, 5L) (infield hit)
|
Batting: LHB Will Vale
|
0-0: Fly out, F4 (Line Drive, 4)
|
Batting: RHB Juan Vázquez
|
0-0: Ball Billy Mullins steals 2nd base 1-0: Ground out 1-3 (Groundball, 15S)
|
Batting: SHB Martín Cruz
|
0-0: Called Strike 0-1: Ball 1-1: Ball 2-1: Ball 3-1: Base on Balls
|
Batting: RHB Don Turner
|
0-0: Foul Ball, location: 2F 0-1: Called Strike 0-2: Ball 1-2: Ground out 5-3 (Groundball, 56S)
|
Top of the 6th over - 0 run(s), 1 hit(s), 0 error(s), 2 left on base; Moose Jaw 2 - Balzac 2 |
BOTTOM OF THE 6TH |
Balzac Rams batting - Pitching for Moose Jaw Ghostbusters : RHP Ken Rogers
|
Batting: LHB Carlos Romero
|
0-0: Called Strike 0-1: Ball 1-1: Ground out 4-3 (Groundball, 4)
|
Batting: RHB Ricardo Muñóz
|
0-0: Reached on error, E6 (Groundball, 6)
|
Batting: LHB Troy Jackson
|
0-0: Intentional Walk
|
Batting: RHB Jason Ward
|
0-0: Ball 1-0: Ball 2-0: 3-RUN HOME RUN (Flyball, 7D), Distance : 421 ft
|
Batting: RHB Santiago Rivera
|
0-0: Ball 1-0: SOLO HOME RUN (Flyball, 7LD), Distance : 427 ft
|
Batting: RHB Mike Beach
|
0-0: SINGLE (Line Drive, 89S)
|
Batting: RHB Gerald Arnold
|
0-0: Foul Ball, location: 2F 0-1: Swinging Strike 0-2: Ground out 1-3 (Groundball, P) Mike Beach to second
|
Batting: RHB Tommy Wilson
|
0-0: Swinging Strike 0-1: Ball 1-1: Swinging Strike 1-2: Strikes out swinging
|
Bottom of the 6th over - 4 run(s), 3 hit(s), 1 error(s), 1 left on base; Moose Jaw 2 - Balzac 6 |
TOP OF THE 7TH |
Moose Jaw Ghostbusters batting - Pitching for Balzac Rams : LHP José Gallegos
|
Pitching: RHP Henry Carroll
|
|
Batting: RHB Andrew Weatherly
|
0-0: Called Strike 0-1: Ball 1-1: Swinging Strike 1-2: Strikes out swinging
|
Batting: SHB Carlos Córdova
|
0-0: Called Strike 0-1: Ball 1-1: Foul Ball, location: 2F 1-2: Strikes out swinging
|
Batting: LHB Dave Stewart
|
0-0: Called Strike 0-1: Foul Ball, location: 2F 0-2: Ball 1-2: Strikes out swinging
|
Top of the 7th over - 0 run(s), 0 hit(s), 0 error(s), 0 left on base; Moose Jaw 2 - Balzac 6 |
BOTTOM OF THE 7TH |
Balzac Rams batting - Pitching for Moose Jaw Ghostbusters : RHP Ken Rogers
|
Batting: RHB Brian Parks
|
0-0: Ball 1-0: Fly out, F3 (Line Drive, 34)
|
Batting: LHB Carlos Romero
|
0-0: SINGLE (Line Drive, 56D)
|
Batting: RHB Ricardo Muñóz
|
0-0: Called Strike 0-1: Swinging Strike 0-2: Ball 1-2: Ball 2-2: Strikes out swinging
|
Batting: LHB Troy Jackson
|
0-0: Ball 1-0: Ball 2-0: Called Strike Carlos Romero is caught stealing 2nd base
|
Bottom of the 7th over - 0 run(s), 1 hit(s), 0 error(s), 0 left on base; Moose Jaw 2 - Balzac 6 |
TOP OF THE 8TH |
Moose Jaw Ghostbusters batting - Pitching for Balzac Rams : RHP Henry Carroll
|
Batting: RHB John Major
|
0-0: Foul Ball, location: 2F 0-1: Ground out 6-3 (Groundball, 6)
|
Batting: RHB Billy Mullins
|
0-0: Ground out 5-3 (Groundball, 56S)
|
Batting: LHB Will Vale
|
0-0: SINGLE (Groundball, 4MD)
|
Batting: RHB Juan Vázquez
|
0-0: Foul Ball, location: 2F 0-1: Ball 1-1: Ball 2-1: Foul Ball, location: 2F 2-2: Ball 3-2: Base on Balls Will Vale to second
|
Pitching: LHP Nick Johnson
|
|
Batting: SHB Martín Cruz
|
0-0: Called Strike 0-1: Ball 1-1: SINGLE (Flyball, 89S) Will Vale to third Juan Vázquez to second Runner from 3rd tries for Home, SAFE, no throw
|
Batting: RHB Don Turner
|
0-0: Fly out, F7 (Flyball, 7S)
|
Top of the 8th over - 1 run(s), 2 hit(s), 0 error(s), 2 left on base; Moose Jaw 3 - Balzac 6 |
BOTTOM OF THE 8TH |
Balzac Rams batting - Pitching for Moose Jaw Ghostbusters : RHP Ken Rogers
|
Batting: LHB Troy Jackson
|
0-0: SINGLE (Line Drive, 56S)
|
Batting: RHB Jason Ward
|
0-0: Ball 1-0: Sac Bunt - play at first, batter OUT! 1-3 Troy Jackson to second
|
Batting: RHB Santiago Rivera
|
0-0: Intentional Walk
|
Batting: RHB Mike Beach
|
0-0: Called Strike 0-1: Foul Ball, location: 2F 0-2: Fly out, F9 (Flyball, 9LMF)
|
Batting: RHB Gerald Arnold
|
0-0: Ball 1-0: Ball 2-0: Foul Ball, location: 2F 2-1: Foul Ball, location: 2F 2-2: Ball 3-2: Base on Balls Troy Jackson to third Santiago Rivera to second
|
Batting: RHB Tommy Wilson
|
0-0: Ball 1-0: Ball 2-0: Swinging Strike 2-1: Ground out 4-3 (Groundball, 4MS)
|
Bottom of the 8th over - 0 run(s), 1 hit(s), 0 error(s), 3 left on base; Moose Jaw 3 - Balzac 6 |
TOP OF THE 9TH |
Moose Jaw Ghostbusters batting - Pitching for Balzac Rams : LHP Nick Johnson
|
Pitching: RHP David Elías
|
|
Batting: RHB Andrew Weatherly
|
0-0: Ball 1-0: Ground out 5-3 (Groundball, 56S)
|
Batting: SHB Carlos Córdova
|
0-0: Swinging Strike 0-1: Ball 1-1: Ball 2-1: Ball 3-1: Called Strike 3-2: Foul Ball, location: 2F 3-2: Ground out 4-3 (Groundball, 4)
|
Batting: LHB Dave Stewart
|
0-0: Ball 1-0: Called Strike 1-1: Swinging Strike 1-2: Foul Ball, location: 2F 1-2: Ball 2-2: DOUBLE (Line Drive, 78M)
|
Batting: RHB John Major
|
0-0: Foul Ball, location: 2F 0-1: Ball 1-1: Swinging Strike 1-2: Ground out 5-3 (Groundball, 56S)
|
Top of the 9th over - 0 run(s), 1 hit(s), 0 error(s), 1 left on base; Moose Jaw 3 - Balzac 6 |
|